 Dungeon Crawl Stone Soup version 0.30-a0-1018-g25214051b3 (webtiles) character file.

Game seed: 10933023244950164166

2275 Pimp the Ducker (level 9, -5/68 HPs)
             Began as a Demonspawn Gladiator on Apr 7, 2023.
             Was a Follower of Cheibriados.
             Slain by an orc warrior
             ... wielding a +0 halberd
              (14 damage)
             ... on level 6 of the Dungeon.
             The game lasted 00:11:33 (4848 turns).

Pimp the Ducker (Demonspawn Gladiator)              Turns: 4848, Time: 00:11:35

Health: -5/68      AC: 11    Str: 17    XL:     9   Next: 16%
Magic:  15/15      EV: 19    Int: 13    God:    Cheibriados [*.....]
Gold:   381        SH:  0    Dex: 19    Spells: 16/16 levels left

rFire   + . .      SeeInvis .    a - +1 long sword
rCold   . . .      Faith    .    (no shield)
rNeg    . . .      Spirit   .    h - +1 ring mail {rPois}
rPois   +          Reflect  .    (helmet restricted)
rElec   .          Rampage  .    m - +2 cloak
rCorr   .          Clarity  +    (no gloves)
Will    .....                    (no boots)
Stlth   +                        (no amulet)
HPRegen 0.31/turn                j - ring of protection from fire
MPRegen 0.14/turn                n - +5 ring of evasion

@: about to teleport, weak-willed, marked, unable to drink, very slow
A: ignite blood 1, sharp scales 1, demonic magic 1, demonic touch 1, horns 1,
clarity, inability to drink after injury 1
a: Renounce Religion, Bend Time


You were on level 6 of the Dungeon.
You worshipped Cheibriados.
Cheibriados was aware of your devotion.
You visited 2 branches of the dungeon, and saw 7 of its levels.

You collected 381 gold pieces.

Inventory:

Hand Weapons
 a - a +1 long sword (weapon)
Missiles
 d - 3 throwing nets (quivered)
 e - a javelin
Armour
 b - a +0 leather armour
 c - a +0 helmet
 h - a +1 ring mail of poison resistance (worn)
 l - a scarf of shadows
 m - a +2 cloak (worn)
Jewellery
 j - a ring of protection from fire (left hand)
 n - a +5 ring of evasion (right hand)
 o - an amulet of magic regeneration
 r - a ring of ice
 s - a +6 ring of intelligence
 v - a ring of fire
 y - a ring of magical power
 A - a ring of ice
Wands
 w - a wand of roots (6)
Scrolls
 k - 2 scrolls of fog
 q - 2 scrolls of identify
 x - a scroll of vulnerability
Potions
 f - 4 potions of brilliance
 g - a potion of cancellation
 i - a potion of magic {unknown}
 p - 2 potions of might
 t - 2 potions of mutation
 u - 3 potions of heal wounds {unknown}
 z - a potion of degeneration {unknown}


   Skills:
 + Level 5.3 Fighting
 + Level 5.3 Long Blades
 + Level 5.0 Throwing
 + Level 4.0 Armour
 + Level 5.5 Dodging
 + Level 4.0 Spellcasting


You had 16 spell levels left.
You didn't know any spells.
Your spell library was empty.

Dungeon Overview and Level Annotations

Branches:
Dungeon (6/15)             Temple (1/1) D:5

Altars:
Ashenzari
Cheibriados
Hepliaklqana
Kikubaaqudgha
Makhleb
Okawaru
Qazlal
Uskayaw
Vehumet
Xom
Yredelemnul

Shops:
D:1 =

Annotations:
Temple 2 transporters


Innate Abilities, Weirdness & Mutations

Your demonic aura sometimes causes spilled blood to erupt in flames.
You are partially covered in razor-sharp scales. (AC +1, Slay +1)
Spells you cast may paralyse adjacent enemies.
Your touch may inflict minor irresistible damage on your foes.
You have a pair of small horns on your head.
You possess an exceptional clarity of mind.
You occasionally lose the ability to drink potions when taking damage.


Message History

The orc warrior hits you but does no damage.
The orc warrior hits you from afar with a +0 halberd!
An orc warrior comes into view. It is wielding a +1 antimagic flail.
The orc wizard gestures wildly while chanting.
The orc wizard flickers and vanishes!
Deactivating autopickup; reactivate with Ctrl-A.
The orc warrior moves out of view.
As you read the scroll labelled WATEUX HUABBU, it crumbles to dust.
Magic quickly surges around you.
It was a scroll of vulnerability.
A gnoll bouda comes into view. It is wielding a +0 club.
The orc warrior misses you.
The orc warrior hits you but does no damage.
The orc priest begins to cast a cantrip, but forgets the words!
The gnoll misses you.
An orc warrior comes into view. It is wielding a +0 dire flail.
You hit the orc warrior but do no damage.
The orc warrior misses you.
The orc priest calls down the wrath of Beogh upon you.
Beogh smites you! The gnoll hits you but does no damage.
The orc warrior completely misses you.
As you read the scroll of teleportation, it crumbles to dust.
You feel strangely unstable.
An orc priest comes into view. It is wielding a +0 club.
The gnoll bouda barks out a call to the hunt!
The gnoll picks up the pace!
The orc priest invokes the aid of Beogh against you.
Beogh smites you! The gnoll barely misses you. The orc warrior misses you.
It was a potion of mutation.
You feel extremely strange.
Your thoughts seem clearer.
You occasionally lose the ability to drink potions when taking damage.
A pair of horns grows on your head!
Your +0 helmet falls away!
An orc comes into view. It is wielding a +0 club.
The orc priest mumbles some strange prayers to Beogh against you.
Beogh smites you!
You feel threatened and lose the ability to drink potions!
* * * LOW HITPOINT WARNING * * *
The gnoll completely misses you.
The orc warrior hits you with a +0 halberd!
You die...

....†...#....#########......#....
...†....#...................####.
..)######...............)........
...#......................[......
...........................P.....
~~~≈≈~....~~~≈~~~~~~~≈~~≈~~~~....
≈≈≈≈≈~)...~≈~≈≈≈≈≈≈≈≈≈~≈≈≈≈≈~....
~~~~~~))).o~~~{g≈~≈~~~#####≈~....
.........ooog.oo@.....#oo.#≈≈....
######'''o#############.o #≈~....
#..)o#....... # #≈~P...
...#)...#....... ~≈~....
..o..o....'g..o.o.
#################'


You could see 4 orc warriors, a gnoll bouda, 2 orc priests, a gnoll (swift,
weak-willed) and an orc.

Vanquished Creatures
  Grinder (D:3)
  Sigmund (D:4)
  A wyvern (D:5)
  Eustachio (D:4)
  The ghost of Sigmada the Grave Robber, an amateur DsNe (D:3)
  Menkaure (D:4)
  An orc warrior (D:6)
  A sky beast (D:4)
  An ogre (D:6)
  2 centaurs (D:5)
  Blork the orc (D:4)
  A scorpion (D:3)
  A howler monkey (D:6)
  9 hounds
  An orc priest (D:6)
  A gnoll bouda (D:6)
  A jelly (D:5)
  A sleepcap (D:6)
  4 iguanas
  4 orc wizards (D:6)
  6 gnolls
  6 adders
  An ufetubus (D:5)
  A dart slug (D:2)
  2 worms
  7 orcs
  5 bats
  8 endoplasms
  5 giant cockroaches
  8 goblins
  10 hobgoblins
  4 jackals
  3 quokkas
  7 ball pythons
  2 frilled lizards (D:1)
  9 kobolds
  2 rats
121 creatures vanquished.

Notes
Turn   | Place    | Note
-------+----------+-------------------------------------------
     0 | D:1      | Pimp the Demonspawn Gladiator began the quest for the Orb.
     0 | D:1      | Reached XP level 1. HP: 16/16 MP: 1/1
    78 | D:1      | Found Cet Zeak's Jewellery Emporium.
   196 | D:1      | Gained mutation: Your touch may inflict minor irresistible
                  | damage on your foes. [demonic ancestry]
   196 | D:1      | Reached XP level 2. HP: 21/22 MP: 2/2
   773 | D:2      | Gained mutation: Your demonic aura sometimes causes spilled
                  | blood to erupt in flames. [demonic ancestry]
   773 | D:2      | Reached XP level 3. HP: 22/28 MP: 3/3
   788 | D:2      | Reached XP level 4. HP: 14/34 MP: 4/4
  1422 | D:3      | Noticed Grinder
  1540 | D:3      | Paralysed by Grinder for 5 turns
  1549 | D:3      | Paralysed by Grinder for 3 turns
  1556 | D:3      | Paralysed by Grinder for 5 turns
  1564 | D:3      | Paralysed by Grinder for 2 turns
  1568 | D:3      | Killed Grinder
  1569 | D:3      | Reached skill level 1 in Armour
  1569 | D:3      | Reached skill level 1 in Spellcasting
  1569 | D:3      | Reached XP level 5. HP: 6/41 MP: 4/7
  1569 | D:3      | Reached XP level 6. HP: 7/47 MP: 4/8
  1812 | D:3      | Found a runed translucent door.
  1819 | D:3      | Noticed Sigmada's ghost (amateur DsNe)
  1831 | D:3      | Killed Sigmada's ghost
  2141 | D:3      | Found a burning altar of Makhleb.
  2420 | D:4      | Reached XP level 7. HP: 52/52 MP: 8/10
  2605 | D:4      | Noticed Menkaure
  2699 | D:4      | Noticed Blork the orc
  2707 | D:4      | Killed Blork the orc
  2851 | D:4      | Killed Menkaure
  3003 | D:4      | Noticed Sigmund
  3007 | D:4      | Killed Sigmund
  3008 | D:4      | Gained mutation: Spells you cast may paralyse adjacent
                  | enemies. [demonic ancestry]
  3008 | D:4      | Reached XP level 8. HP: 55/61 MP: 10/12
  3544 | D:5      | Entered Level 5 of the Dungeon
  3552 | D:5      | Noticed Eustachio
  3573 | D:4      | Killed Eustachio
  3848 | D:5      | Found a radiant altar of Vehumet.
  3946 | D:5      | Found a staircase to the Ecumenical Temple.
  3981 | D:5      | Reached skill level 5 in Dodging
  4117 | D:5      | Found a hide-covered altar of Uskayaw.
  4147 | D:5      | Reached skill level 5 in Fighting
  4147 | D:5      | Reached skill level 5 in Long Blades
  4152 | Temple   | Entered the Ecumenical Temple
  4152 | Temple   | Found a transporter.
  4152 | Temple   | Found a transporter.
  4157 | Temple   | Found a transporter.
  4157 | Temple   | Found a transporter.
  4180 | Temple   | Became a worshipper of Cheibriados the Contemplative
  4204 | D:5      | Found a shimmering altar of Xom.
  4608 | D:6      | Gained mutation: You are partially covered in razor-sharp
                  | scales. (AC +1, Slay +1) [demonic ancestry]
  4608 | D:6      | Reached XP level 9. HP: 48/68 MP: 14/14
  4757 | D:6      | Reached * piety under Cheibriados
  4782 | D:6      | Reached skill level 5 in Throwing
  4848 | D:6      | Gained mutation: You possess an exceptional clarity of
                  | mind. [potion of mutation]
  4848 | D:6      | Gained mutation: You occasionally lose the ability to drink
                  | potions when taking damage. [potion of mutation]
  4848 | D:6      | Gained mutation: You have a pair of small horns on your
                  | head. [potion of mutation]
  4848 | D:6      | Slain by an orc warrior

Illustrated notes

Levels and vault maps discovered:
D:1:      wheals_arrival_shading, layout_loops_ring, serial_shops,
          nicolae_shop_advertising_works [nicolae_subvault_shop_adworks]
D:2:      layout_basic
D:3:      layout_loops_ring, overflow_temple_1_default,
          ebering_ghost_reflecting_pool, guppyfry_early_orc_mine, uniq_grinder
D:4:      layout_basic, cheibrodos_gnoll_hut, uniq_blork_the_orc, uniq_sigmund,
          uniq_menkaure
D:5:      layout_cave_pools, vehumet_crystals, mainiacjoe_overflow_alcove_1,
          kennysheep_little_box, gammafunk_temple_overflow_pools,
          minmay_temple_entry_glass, uniq_eustachio
D:6:      lemuel_castle_with_subvaults [lemuel_castle_interior_carwin_3],
          layout_gridville, st_stairs_13
Temple:   hellmonk_temple_divided_pantheon

Skill      XL: |  1  2  3  4  5  6  7  8  9 |
---------------+----------------------------+-----
Throwing       | 2 3 4 5 |  5.0
Long Blades    | 3 4 5 |  5.3
Dodging        | 3 4 5 |  5.5
Fighting       | 3 4 5 |  5.3
Armour         | 1 2 3 4 |  4.0
Spellcasting   | 1 2 3 4 |  4.0

Action                     |  1- 3 |  4- 6 |  7- 9 || total
---------------------------+-------+-------+-------++-------
  Melee: Long sword        |    72 |    87 |   190 ||   349
         Punch             |     1 |       |     5 ||     6
         Touch             |    10 |    14 |    43 ||    67
    Use: Scroll            |     3 |     4 |     3 ||    10
         Potion            |       |     9 |     1 ||    10
   Stab: Invisible         |       |     1 |       ||     1
 Armour: Ring mail         |    33 |    19 |    68 ||   120
  Dodge: Dodged            |    56 |    78 |   274 ||   408

Table legend: (Time is in decaauts)
 A = Elapsed time spent in this place.
 B = Non-inter-level travel time spent in this place.
 C = Inter-level travel time spent in this place.
 D = Time resting spent in this place.
 E = Time spent auto-exploring this place.
 F = Levels seen in this place.
 G = Mean time per level.
                   A        B        C        D        E       F      G
               +--------+--------+--------+--------+--------+-----+--------+
         Total |   5033 |   4856 |    177 |    630 |   3136 |   7 |  719.0 |
       Dungeon |   4987 |   4810 |    177 |    630 |   3132 |   6 |  831.2 |
        Temple |     46 |     46 |      0 |      0 |      4 |   1 |   46.0 |
               +--------+--------+--------+--------+--------+-----+--------+

Top non-repeatable levels by time:
     D:4: 1249 daAuts
     D:3: 989 daAuts
     D:5: 772 daAuts
     D:2: 731 daAuts
     D:1: 705 daAuts
     D:6: 539 daAuts
  Temple: 46 daAuts
